 Dungeon Crawl Stone Soup version 0.20.1-1-g8b1a95d (webtiles) character file.

261 Folque the Magician (level 6, -2/39 HPs)
             Began as an Octopode Wizard on Nov 11, 2017.
             Slain by a bullfrog (5 damage)
             ... in a sewer.
             The game lasted 00:15:41 (3916 turns).

Folque the Magician (Octopode Wizard)               Turns: 3916, Time: 00:15:42

Health: -2/39      AC:  2    Str:  6    XL:     6   Next: 18%
Magic:  0/12       EV: 13    Int: 22    God:
Gold:   48         SH:  0    Dex: 11    Spells: 5/13 levels left

rFire    . . .     SeeInvis .   g - +0 hand axe
rCold    . . .     Gourm    .   (no shield)
rNeg     . . .     Faith    .   a - +1 hat
rPois    .         Spirit   .   (no amulet)
rElec    .         Reflect  .   i - ring of protection from magic
rCorr    +         Harm     .   n - ring of resist corrosion
MR       +....                  (no ring)
Stlth    ++++......             (no ring)
Regen    0.2/turn               (no ring)
MPRegen  0.2/turn               (no ring)
                                (no ring)
                                (no ring)

@: very slightly contaminated
A: almost no armour, stealthy swim, amphibious, 8 rings, constrict 8, camouflage
1, gelatinous body 1
a: no special abilities


You were in a sewer.
You were hungry.

You visited 1 branch of the dungeon, and saw 3 of its levels.
You also visited: Sewer.

You collected 48 gold pieces.

Inventory:

Hand Weapons
 g - a +0 hand axe (weapon)
Missiles
 t - 4 javelins (quivered)
Armour
 a - a +1 hat (worn)
Jewellery
 i - a ring of protection from magic (left tentacle)
 n - a ring of resist corrosion (right tentacle)
Scrolls
 d - 2 scrolls of amnesia
 v - a scroll of remove curse
Potions
 e - a potion of degeneration {unknown}
 h - 3 potions of curing {unknown}
 m - 2 potions of brilliance {unknown}
 o - a potion of ambrosia {unknown}
Books
 b - a book of Minor Magic

   Spells                             Type                      Level
   a - Magic Dart                     Conjuration                  1
   b - Blink                          Translocation                2
   c - Call Imp                       Summoning                    2
   d - Slow                           Hexes                        2
   e - Conjure Flame                  Conjuration/Fire             3
   f - Mephitic Cloud                 Conjuration/Poison/Air       3
Comestibles
 c - 3 bread rations
 f - 4 fruits
 k - a meat ration
 p - 2 royal jellies
 q - 5 chunks of flesh


   Skills:
 - Level 2.0 Fighting
 - Level 2.0 Dodging
 - Level 2.6 Stealth
 + Level 4.3 Spellcasting
 * Level 3.2 Conjurations
 - Level 1.0 Summonings
 - Level 1.0 Translocations
 - Level 3.0 Poison Magic


You had 5 spell levels left.
You knew the following spells:

 Your Spells              Type           Power        Failure   Level  Hunger
a - Magic Dart            Conj           ###.         2%          1    None
b - Call Imp              Summ           #.......     11%         2    #......
c - Blink                 Tloc           N/A          11%         2    #......
d - Mephitic Cloud        Conj/Pois/Air  ##......     14%         3    ##.....


Dungeon Overview and Level Annotations

Branches:
Dungeon (3/15)

Altars:
Gozag


Innate Abilities, Weirdness & Mutations

You cannot wear most types of armour.
You are very stealthy in the water. (Stealth+)
You are amphibious.
You can wear up to eight rings at the same time.
You can use your tentacles to constrict eight enemies at once.
Your skin changes colour to match your surroundings (Stealth+).
Your rubbery body absorbs attacks. (AC +1, EV +1)


Message History

As you read the scroll labeled ASOWKU VUFIYSO, it crumbles to dust.
You hear a loud clanging noise!
It was a scroll of noise.
Blink to where?
Press: ? - help, Dir - move target cursor
As you read the scroll labeled HUCEL HIRU, it crumbles to dust.
It was a scroll of blinking.
The bullfrog hits you.
* * * LOW HITPOINT WARNING * * *
Casting: Blink
Confirm with . or Enter, or press ? or * to list all spells.
You blink.
Floosh!
The bullfrog swells and bulges.
The bullfrog snags a nearby spider with its tongue.
As you read the scroll labeled HOFOMP QYNLIK, it crumbles to dust.
It is a scroll of enchant armour.
Your +0 hat glows green for a moment.
The bullfrog misses you. The bullfrog hits you.
You die...

#∩≈≈####≈÷.†.≈≈..≈≈###
#####.≈≈.#####.≈≈≈.#≈≈
##≈.≈..≈≈#≈∩≈#######.≈
##≈≈≈≈≈####≈≈.≈≈≈..#.≈≈
##≈.≈≈###≈≈≈.≈≈≈≈..÷##≈.
#≈.≈≈##≈≈≈.≈#######≈≈#≈≈
##≈≈.##≈≈≈≈###≈≈≈†≈#..##.
#≈≈≈≈#≈≈FF##≈≈≈≈≈≈≈..≈≈#.
#≈..##.≈@##≈≈.≈≈≈≈F..≈≈#.
#≈≈≈#.≈.≈#≈≈≈≈≈≈.≈.≈≈≈.#≈
#≈≈≈#≈≈≈≈#≈≈≈≈5≈.!$..≈≈#≈
#≈≈≈#≈≈≈≈#≈≈≈≈≈s?$?.≈.≈#≈
#≈..##≈≈≈##≈≈≈≈≈≈..≈≈≈##≈
#≈≈≈.#.≈≈≈##≈≈≈≈.≈≈≈≈##≈≈
##≈≈≈##≈.≈≈###≈≈≈≈≈###.≈≈
#≈.≈≈##.≈≈≈≈#######≈≈≈.≈
##..≈≈###≈≈≈.≈≈≈≈.≈≈≈≈##


You could see 2 bullfrogs.

Vanquished Creatures
  Natasha (twice) (D:2)
  An adder (D:2)
  A river rat (D:3)
  9 oozes
  2 dart slugs (D:1)
  13 leopard geckos
  9 giant cockroaches
  5 goblins
  7 hobgoblins
  A jackal (D:2)
  A quokka (D:2)
  11 ball pythons
  5 bats
  14 frilled lizards
  A kobold (D:2)
  7 rats
89 creatures vanquished.

Vanquished Creatures (collateral kills)
  Natasha (D:2)
  3 adders (Sewer)
  A river rat (D:3)
  4 oozes (Sewer)
  A worm (D:1)
  A leopard gecko (Sewer)
  2 ball pythons (Sewer)
  5 giant cockroaches (Sewer)
  2 hobgoblins
  A jackal (D:2)
  A frilled lizard (Sewer)
  A rat (D:2)
23 creatures vanquished.

Grand Total: 112 creatures vanquished

Notes
Turn   | Place    | Note
-------+----------+-------------------------------------------
     0 | D:1      | Folque the Octopode Wizard began the quest for the Orb.
     0 | D:1      | Reached XP level 1. HP: 11/11 MP: 4/4
    42 | D:1      | Reached skill level 1 in Fighting
    42 | D:1      | Reached XP level 2. HP: 6/18 MP: 0/6
   598 | D:1      | Learned a level 2 spell: Call Imp
   601 | D:1      | Learned a level 2 spell: Blink
   937 | D:1      | Reached XP level 3. HP: 5/24 MP: 3/7
  1173 | D:2      | Learned a level 3 spell: Mephitic Cloud
  1336 | D:2      | Noticed Natasha
  1345 | D:2      | Killed Natasha
  1345 | D:2      | Reached skill level 1 in Poison Magic
  1351 | D:2      | Noticed Natasha
  1357 | D:2      | Reached XP level 4. HP: 15/29 MP: 2/9
  1365 | D:2      | Killed Natasha
  1595 | D:2      | Noticed Natasha
  1611 | D:2      | Killed Natasha
  1912 | D:2      | Reached XP level 5. HP: 31/34 MP: 10/10
  2113 | D:3      | Found an opulent altar of Gozag.
  2207 | D:3      | Found a glowing drain.
  2498 | Sewer    | Entered a sewer
  2544 | Sewer    | Reached skill level 4 in Spellcasting
  3399 | Sewer    | Reached XP level 6. HP: 12/39 MP: 5/12
  3916 | Sewer    | Slain by a bullfrog

Skill      XL: |  1  2  3  4  5  6 |
---------------+-------------------+-----
Fighting       | 1 2 |  2.0
Poison Magic   | 1 2 3 |  3.0
Conjurations   | 2 3 |  3.2
Spellcasting   | 4 |  4.3
Dodging        | |  2.0
Stealth        | |  2.6
Summonings     | |  1.0
Translocations | |  1.0

Action                   |  1- 3 |  4- 6 || total
-------------------------+-------+-------++-------
Melee: Unarmed           |    36 |       ||    36
       Tentacles         |     7 |    16 ||    23
       Constrict         |    15 |    36 ||    51
       Hand axe          |    30 |   186 ||   216
 Cast: Magic Dart        |     9 |    14 ||    23
       Call Imp          |     4 |    21 ||    25
       Blink             |     1 |    11 ||    12
       Mephitic Cloud    |       |     4 ||     4
  Use: Scroll            |     2 |     7 ||     9
 Stab: Sleeping          |     5 |     5 ||    10
       Confused          |       |     1 ||     1
  Eat: Chunk             |     1 |     9 ||    10
Armor: Skin              |     6 |    18 ||    24
Dodge: Dodged            |    46 |   211 ||   257
